 Dungeon Crawl Stone Soup version 0.24.0-13-gcf9b3192b9 (webtiles) character file.

Game seed: 2785189676038632545, levelgen mode: deterministic

175 Matador8 the Vexing (level 5, -1/28 HPs)
             Began as a Vampire Enchanter on Nov 6, 2019.
             Slain by a scorpion zombie (5 damage)
             ... in an ossuary.
             The game lasted 00:19:21 (3649 turns).

Matador8 the Vexing (Vampire Enchanter)             Turns: 3649, Time: 00:19:22

Health: -1/28      AC:  3    Str:  7    XL:     5   Next: 29%
Magic:  0/9        EV: 12    Int: 19    God:
Gold:   131        SH:  0    Dex: 14    Spells: 3/10 levels left

rFire    . . .     SeeInvis +   p - +1 dagger (venom)
rCold    + + .     Gourm    .   (no shield)
rNeg     + + +     Faith    .   b - +0 robe
rPois    ∞         Spirit   .   (no helmet)
rElec    .         Reflect  .   (no cloak)
rCorr    .         Harm     .   (no gloves)
MR       .....                  i - +0 pair of boots
Stlth    +++++.....             (no amulet)
HPRegen  0.00/turn              (no ring)
MPRegen  0.11/turn              (no ring)

@: about to teleport, very slightly contaminated, bloodless, regenerating
quickly
A: no food, fangs 3, see invisible, unbreathing
a: Bat Form, Revivify


You were in an ossuary.
You were bloodless.

You visited 1 branch of the dungeon, and saw 4 of its levels.
You also visited: Ossuary.

You collected 131 gold pieces.

Inventory:

Hand Weapons
 a - a +1 dagger
 p - a +1 dagger of venom (weapon)
 s - a +0 short sword of protection
 v - a +0 rapier
Missiles
 x - 2 boomerangs (quivered)
Armour
 b - a +0 robe (worn)
 e - a +0 buckler
 i - a +0 pair of boots (worn)
 t - a +0 leather armour
Jewellery
 j - an uncursed ring of protection from fire {unknown}
 k - a cursed amulet of inaccuracy {unknown}
 q - a cursed -2 ring of strength {unknown}
Scrolls
 d - a scroll of teleportation
 g - 3 scrolls of remove curse
 m - a scroll of amnesia {unknown}
 o - a scroll of immolation {unknown}
 w - a scroll of noise {unknown}
 y - a scroll of blinking {unknown}
Potions
 c - a potion of degeneration {unknown}
 f - 2 potions of cancellation
 h - a potion of haste {unknown}
 l - a potion of curing {unknown}
 n - a potion of magic {unknown}
 r - a potion of heal wounds {unknown}
 u - a potion of invisibility {unknown}


   Skills:
 * Level 3.1 Short Blades
 - Level 2.1 Dodging
 + Level 4.4 Stealth
 - Level 3.0 Spellcasting
 - Level 2.0 Conjurations
 + Level 5.2 Hexes


You had 3 spell levels left.
You knew the following spells:

 Your Spells              Type           Power        Failure   Level  Hunger
a - Corona                Hex            ###....      1%          1    N/A
b - Confuse               Hex            ###.....     5%          3    N/A
c - Dazzling Spray        Conj/Hex       ###...       11%         3    N/A

Your spell library contained the following spells:

 Spells                   Type           Power        Failure   Level  Hunger
 Tukima's Dance           Hex            ###.....     5%          3    N/A
 Ensorcelled Hibernation  Hex/Ice        ##....       8%          2    N/A
 Beastly Appendage        Tmut           #.....       16%         1    N/A
 Sticks to Snakes         Tmut           #.......     22%         2    N/A
 Spider Form              Tmut/Pois      #.........   41%         3    N/A
 Ice Form                 Ice/Tmut       #.......     83%         4    N/A
 Blade Hands              Tmut           #.........   99%         5    N/A

Dungeon Overview and Level Annotations

Branches:
Dungeon (4/15)            Ossuary (1/1)
 Temple: D:4-7

Altars:
Trog
Yredelemnul
Zin

Shops:
D:3 *   D:4 [[


Innate Abilities, Weirdness & Mutations

You do not eat.
You do not regenerate when monsters are visible.
You are frail without blood (-20% HP).
You can heal yourself when you bite living creatures.
You are immune to poison.
You have razor-sharp teeth.
You have supernaturally acute eyesight. (SInv)
You can survive without breathing.


Message History

You hit the scorpion zombie.
The scorpion zombie is moderately damaged.
You hit the scorpion zombie but do no damage.
The scorpion zombie is moderately damaged.
The scorpion zombie hits you but does no damage.
You hit the scorpion zombie but do no damage.
The scorpion zombie is moderately damaged.
The scorpion zombie hits you.
* * * LOW HITPOINT WARNING * * *
Casting: Confuse (safe; 5% risk of failure)
Confirm with . or Enter, or press ? or * to list all spells.
Aiming: Confuse (safe; 5% risk of failure)
Press: ? - help, Shift-Dir - straight line, f/p - scorpion zombie
Aim: a scorpion zombie (moderately damaged, chance to defeat MR: 65%)
You miscast Confuse.
You are very lightly contaminated with residual magic.
Multicoloured lights dance before your eyes!
As you read the scroll of teleportation, it crumbles to dust.
You feel strangely unstable. The scorpion zombie hits you.
You die...

#############
#...#...#...#
#...8...'Z∩.#
#.......#...#
##8...8###'##
#.....Z.#...#
+...8..@#.∩.#
#...#...#...#
#############


You could see a scorpion zombie.

Vanquished Creatures
  An orc wizard (D:3)
  2 worker ants (D:4)
  3 adders
  An ooze (D:2)
  4 worms
  3 dart slugs
  A leopard gecko (D:1)
  An orc (D:3)
  A ball python (D:2)
  11 bats
  2 giant cockroaches (D:1)
  7 hobgoblins
  4 frilled lizards
  10 goblins
  3 kobolds
  A kobold zombie (Ossuary)
  A rat (D:2)
56 creatures vanquished.

Notes
Turn   | Place    | Note
-------+----------+-------------------------------------------
     0 | D:1      | Matador8 the Vampire Enchanter began the quest for the Orb.
     0 | D:1      | Reached XP level 1. HP: 13/13 MP: 3/3
   557 | D:1      | Reached XP level 2. HP: 16/19 MP: 5/5
  1448 | D:2      | Reached XP level 3. HP: 5/24 MP: 6/6
  1788 | D:2      | Learned a level 3 spell: Confuse
  1795 | D:2      | Found a basalt altar of Yredelemnul.
  2360 | D:2      | Reached skill level 5 in Hexes
  2365 | D:2      | Learned a level 3 spell: Dazzling Spray
  2550 | D:3      | Reached XP level 4. HP: 24/24 MP: 8/8
  2626 | D:3      | Found a faded altar of an unknown god.
  2819 | D:3      | Found Zin's Purification Station.
  2820 | D:3      | Found a glowing silver altar of Zin.
  2963 | D:3      | Reached skill level 1 in Conjurations
  3470 | D:4      | Found a bloodstained altar of Trog.
  3532 | D:4      | Found Ecettia's Armour Boutique.
  3547 | D:4      | Reached XP level 5. HP: 28/28 MP: 9/9
  3560 | D:4      | Found Plog's Antique Armour Boutique.
  3601 | D:4      | Found a sand-covered staircase.
  3608 | Ossuary  | Entered an ossuary
  3649 | Ossuary  | Slain by a scorpion zombie

Levels and vault maps discovered:
D:1:      ebering_trefoil_3fold, layout_basic, hangedman_feature_mirror
D:2:      kennysheep_six_static_rooms, layout_loops_ring, lemuel_round_altar,
          first_ration, fountainhead
D:3:      layout_basic, zin_purify, chequers_ecumenical_altar_twisty
D:4:      layout_loops_ring, marbit_many_paths, serial_shops, shop,
          nicolae_shop_behind_doors, nicolae_shop_overgrown_old_shop,
          kennysheep_mini_moat, shop, enter_ossuary_1,
          nicolae_qazlal_style_of_elements
Ossuary:  ossuary_minmay_scorpions

Skill      XL: |  1  2  3  4  5 |
---------------+----------------+-----
Short Blades   | 2 3 |  3.1
Hexes          | 5 |  5.2
Conjurations   | 2 |  2.0
Spellcasting   | 3 |  3.0
Dodging        | |  2.1
Stealth        | |  4.4

Action                   |  1- 3 |  4- 6 || total
-------------------------+-------+-------++-------
Melee: Dagger            |   136 |    31 ||   167
       Bite              |     9 |     2 ||    11
Throw: Boomerang         |       |     1 ||     1
 Cast: Corona            |     6 |       ||     6
       Confuse           |     5 |     9 ||    14
 Abil: Exsanguinate      |     1 |       ||     1
  Use: Scroll            |       |     5 ||     5
       Potion            |       |     1 ||     1
 Stab: Sleeping          |    14 |     6 ||    20
       Confused          |     2 |     3 ||     5
       Distracted        |     1 |       ||     1
Armor: Robe              |    32 |     4 ||    36
Dodge: Dodged            |    98 |    13 ||   111
